 Dungeon Crawl Stone Soup version 0.26-a0-835-g8259106e14 (webtiles) character file.

Game seed: 3992797941046561799

34 Descartes the Covert (level 3, 0/17 HPs)
             Began as a Felid Delver on Nov 17, 2020.
             Slain by a worm (11 damage)
             ... on level 5 of the Dungeon.
             The game lasted 00:02:13 (463 turns).

Descartes the Covert (Felid Delver)                  Turns: 463, Time: 00:02:14

Health: 0/17       AC:  1    Str:  9    XL:     3   Next: 14%
Magic:  4/4        EV: 18    Int: 11    God:
Gold:   20         SH:  0    Dex: 17    Spells: 2/2 levels left
                                        Lives:  0   Deaths: 0

rFire    . . .     SeeInvis +     - Unarmed
rCold    . . .     Faith    .   (shield unavailable)
rNeg     . . .     Spirit   .   (armour unavailable)
rPois    .         Reflect  .   (helmet unavailable)
rElec    .         Harm     .   (cloak unavailable)
rCorr    .         Rampage  .   (gloves unavailable)
MR       .....                  (boots unavailable)
Stlth    ++++......             (no amulet)
HPRegen  0.05/turn              (no ring)
MPRegen  0.09/turn              (no ring)

@: quick
A: very small, no armour, no weapons or thrown items, stealth, claws 1, fangs 3,
see invisible, speed 1, shaggy fur 1, sharp paws
a: no special abilities


You were on level 5 of the Dungeon.
You visited 1 branch of the dungeon, and saw 2 of its levels.

You collected 20 gold pieces.

Inventory:

Wands
 e - a wand of digging (3)
Scrolls
 a - a scroll of fog
 b - a scroll of magic mapping
 c - a scroll of fear
Potions
 d - a potion of haste
 f - a potion of brilliance {unknown}


   Skills:
 - Level 3.0 Fighting
 - Level 2.6 Dodging
 + Level 8.0 Stealth
 - Level 2.0 Unarmed Combat


You had 2 spell levels left.
You didn't know any spells.
Your spell library contained the following spells:

 Spells                   Type           Power        Failure   Level
 Sandblast                Erth           #.....       34%         1
 Passwall                 Tmut/Erth      #.......     47%         2
 Stone Arrow              Conj/Erth      #.....       71%         3
 Petrify                  Tmut/Erth      #.......     98%         4
 Lee's Rapid Deconstruct  Erth           #.........   100%        5


Dungeon Overview and Level Annotations

Branches:
Dungeon (5/15)
 Temple: D:4-7

Altars:
Makhleb

Shops:
D:5 =


Innate Abilities, Weirdness & Mutations

You cannot wear armour.
You are incapable of wielding weapons or throwing items.
Your paws allow you to move quietly. (Stealth)
You have sharp claws.
You have razor-sharp teeth.
You have supernaturally acute eyesight. (SInv)
You cover ground quickly.
You are covered in fur. (AC +1)
Your sharp claws are effective at attacking unaware monsters.


Message History

You scratch the worm. You bite the worm, but do no damage.
The worm is moderately wounded.
You claw the worm!
The worm is heavily wounded.
The worm closely misses you.
You barely miss the worm. You bite the worm, but do no damage.
The worm is heavily wounded.
You barely miss the worm. You bite the worm, but do no damage.
The worm is heavily wounded.
The worm bites you.
You scratch the worm.
The worm is severely wounded.
The worm closely misses you.
You scratch the worm.
The worm is severely wounded.
You scratch the worm. You bite the worm.
The worm is almost dead.
The worm bites you!
Ouch! That really hurt!
You die...

#.# #.# #.# #.# #[# #
#.# #.. #.# ....
#####.# #....###..w@[#
#.......#####
###.##..#########
#########
#.............#
#.......o
####..#######.#
#.#####.# #...#
#...###.#####.# #..##
#.............#
#.w######...###.#######
............## #.#


You could see a worm.

Vanquished Creatures
  An orc priest (D:4)
  A leopard gecko (D:5)
  An orc (D:5)
3 creatures vanquished.

Notes
Turn   | Place    | Note
-------+----------+-------------------------------------------
     0 | D:5      | Descartes the Felid Delver began the quest for the Orb.
     0 | D:5      | Reached XP level 1. HP: 10/10 MP: 2/2
    95 | D:5      | Found a burning altar of Makhleb.
   105 | D:4      | Noticed an orc priest
   105 | D:4      | Noticed an orc wizard
   106 | D:4      | Killed an orc priest
   107 | D:4      | Reached skill level 8 in Stealth
   107 | D:4      | Reached XP level 2. HP: 14/14 MP: 3/3
   107 | D:4      | Reached XP level 3. HP: 17/17 MP: 4/4
   428 | D:5      | Found Myggor's Jewellery Boutique.
   463 | D:5      | Slain by a worm

Illustrated notes

Levels and vault maps discovered:
D:4:      layout_rooms, ashenzari_altar_1, minmay_temple_entry_crystal_x,
          gammafunk_ghost_stat_death, minmay_misc_feat_nine_boxes, fountainhead,
          mrwooster_statue_mirror, minivault_26, abandoned_shop
D:5:      layout_loops_ring, bloody_makhleb, serial_shops, shop

Skill      XL: |  1 |
---------------+----+-----
Stealth        | 8 |  8.0
Fighting       | |  3.0
Dodging        | |  2.6
Unarmed Combat | |  2.0

Action                   || total
-------------------------++-------
Melee: Unarmed           ||    13
       Bite              ||     4
 Stab: Sleeping          ||     2
Dodge: Dodged            ||     5

Table legend: (Time is in decaauts)
 A = Elapsed time spent in this place.
 B = Non-inter-level travel time spent in this place.
 C = Inter-level travel time spent in this place.
 D = Time resting spent in this place.
 E = Time spent auto-exploring this place.
 F = Levels seen in this place.
 G = Mean time per level.
                   A        B        C        D        E       F      G
               +--------+--------+--------+--------+--------+-----+--------+
         Total |    418 |    386 |     32 |      0 |    304 |   2 |  209.0 |
       Dungeon |    418 |    386 |     32 |      0 |    304 |   2 |  209.0 |
               +--------+--------+--------+--------+--------+-----+--------+

Top non-repeatable levels by time:
     D:5: 413 daAuts
     D:4: 4 daAuts
